 Dungeon Crawl Stone Soup version 0.28-a0-1312-g71652a0310 (webtiles) character file.

Game seed: 5753178165376735332

4158 comborobin the Covert (level 10, -4/82 HPs)
             Began as a Gnoll Delver on Dec 27, 2021.
             Was a Priest of the Shining One.
             Slain by a large abomination (20 damage)
             ... on level 1 of the Abyss.
             The game lasted 00:09:56 (10830 turns).

comborobin the Covert (Gnoll Delver)               Turns: 10830, Time: 00:09:57

Health: -4/82      AC: 15    Str: 12 (14) XL:     10   Next: 28%
Magic:  17/17      EV:  3    Int:  7 (10) God:    the Shining One [***...]
Gold:   383        SH: 18    Dex: 13 (15) Spells: 19/19 levels left

rFire   + . .      SeeInvis +   Q - +2 hand axe (elec)
rCold   + + +      Faith    .   O - +0 tower shield
rNeg    + . .      Spirit   .   R - +2 chain mail {rC+}
rPois   +          Reflect  +   (no helmet)
rElec   +          Harm     .   K - +0 cloak
rCorr   +          Rampage  .   A - +0 pair of gloves
Will    .....                   P - +0 pair of boots "Otasu" {rC+}
Stlth   +.........              L - amulet of reflection
HPRegen 0.23/turn               p - ring of see invisible
MPRegen 0.15/turn               m - ring of flight

@: mighty, resistant, flying, glowing
A: fangs 1, strong nose, distributed training
a: Renounce Religion, Divine Shield, Cleansing Flame


You were on level 1 of the Abyss.
You worshipped the Shining One.
The Shining One was most pleased with you.
You visited 2 branches of the dungeon, and saw 9 of its levels.
You visited the Abyss 1 time.

You collected 383 gold pieces.

Inventory:

Hand Weapons
 g - a +1 trident of venom
 h - a +0 dagger of venom
 C - a +0 club
 D - a +0 halberd
 H - a +2 short sword of venom
 M - a +2 short sword of electrocution
 Q - a +2 hand axe of electrocution (weapon)
Missiles
 l - 46 poisoned darts (quivered)
Armour
 a - a +0 leather armour
 q - a +0 ring mail
 A - a +0 pair of gloves (worn)
 E - a +0 chain mail
 K - a +0 cloak (worn)
 O - a +0 tower shield (worn)
 P - the +0 pair of boots "Otasu" (worn) {rC+}
   (You found it on level 7 of the Dungeon)

   rC:        It protects you from cold.
 R - a +2 chain mail of cold resistance (worn)
Jewellery
 m - a ring of flight (right hand)
 p - a ring of see invisible (left hand)
 u - an amulet of the acrobat
 B - a ring of fire
 L - an amulet of reflection (around neck)
Wands
 f - a wand of digging (3)
 k - a wand of iceblast (1)
 N - a wand of flame (12)
Scrolls
 b - 3 scrolls of fog
 c - 2 scrolls of magic mapping
 d - 2 scrolls of fear
 o - a scroll of amnesia {unknown}
 r - 5 scrolls of identify {unknown}
 s - a scroll of blinking {unknown}
 w - 2 scrolls of acquirement {unknown}
 y - 3 scrolls of teleportation {unknown}
 z - 3 scrolls of brand weapon {unknown}
 F - 2 scrolls of noise {unknown}
 G - a scroll of summoning {unknown}
 I - a scroll of enchant weapon {unknown}
 J - a scroll of immolation {unknown}
Potions
 n - a potion of attraction
 S - a potion of heal wounds {unknown}


   Skills:
 + Level 8.4 Fighting
 + Level 5.1 Short Blades
 + Level 5.1 Long Blades
 + Level 5.1 Axes
 + Level 5.1 Maces & Flails
 + Level 5.1 Polearms
 + Level 5.1 Staves
 + Level 5.1 Slings
 + Level 5.1 Bows
 + Level 5.1 Crossbows
 + Level 5.1 Throwing
 + Level 5.1 Armour
 + Level 6.9 Dodging
 + Level 10.9 Stealth
 + Level 5.1 Shields
 + Level 6.9 Unarmed Combat
 + Level 5.1 Spellcasting
 + Level 4.2 Conjurations
 + Level 4.2 Hexes
 + Level 4.2 Summonings
 + Level 4.2 Necromancy
 + Level 4.2 Translocations
 + Level 4.2 Transmutations
 + Level 4.2 Fire Magic
 + Level 4.2 Ice Magic
 + Level 4.2 Air Magic
 + Level 4.2 Earth Magic
 + Level 4.2 Poison Magic
 + Level 5.6 Invocations
 + Level 5.1 Evocations


You had 19 spell levels left.
You didn't know any spells.
Your spell library contained the following spells:

 Spells                   Type           Power      Damage    Failure   Level
 Animate Skeleton         Necr           14%        N/A       100%        1
 Pain                     Necr           28%        1d5       100%        1
 Shock                    Conj/Air       28%        1d4       100%        1
 Portal Projectile        Hex/Tloc       14%        N/A       100%        3
 Swiftness                Air            7%         N/A       100%        3
 Vampiric Draining        Necr           7%         2d6       100%        3
 Airstrike                Air            3%         N/A       100%        4
 Blade Hands              Tmut           3%         N/A       100%        5
 Excruciating Wounds      Necr           3%         N/A       100%        5


Dungeon Overview and Level Annotations

Branches:
Dungeon (8/15)             Temple (1/1) D:5            Lair (0/6) D:8

Altars:
Cheibriados
Fedhas
Gozag
Kikubaaqudgha
Makhleb
Nemelex Xobeh
Okawaru
Qazlal
Ru
Sif Muna
Trog
Uskayaw
Vehumet
Wu Jian
Xom
Yredelemnul
Zin
The Shining One

Shops:
D:4 !

Annotations:
D:6 2 runed translucent doors, bearlyready's ghost, novice DsAr


Innate Abilities, Weirdness & Mutations

You have very sharp teeth.
Your uncanny sense of smell can sniff out nearby items.
Your experience applies equally to all skills.


Message History

You slash the large abomination!
The large abomination is moderately damaged.
You slash the ufetubus!
You kill the ufetubus!
The Shining One accepts your kill.
You feel better.
You block the large abomination's attack.
You hit the large abomination but do no damage.
The large abomination is moderately damaged.
You block the large abomination's attack. x2
You slash the large abomination!
The large abomination is heavily damaged.
You block the large abomination's attack.
You slash the large abomination!
The large abomination is severely damaged.
You block the large abomination's attack.
You slash the large abomination!
Lightning courses through the large abomination!!
You destroy the large abomination!
The Shining One accepts your kill.
You slash the large abomination!
The large abomination is moderately damaged.
You block the large abomination's attack.
You hit the large abomination but do no damage.
Lightning courses through the large abomination!
The large abomination is heavily damaged.
You block the large abomination's attack.
You hit the large abomination but do no damage.
The large abomination is heavily damaged.
You block the large abomination's attack.
You hit the large abomination but do no damage.
You bite the large abomination.
The large abomination is heavily damaged.
You block the large abomination's attack.
You slash the large abomination!
The large abomination is severely damaged.
The large abomination hits you!
* * * LOW HITPOINT WARNING * * *
The large abomination hits you!!
You die...

∆ # . ## . .#.
.. .. ## ..
.##..
.#..#.##.##.
.###
.§.......#.#...#
. #. ##
#.##..#..#.
.......#X@#...#
. ... .
#.##....... ....
##. ....##. # #.
#. .#.#.# . #. .
... #...# .# . .
.. ###.### #
####! #...# ..
#§§ . ...# ..
§### #.# #


You could see a large abomination.

Vanquished Creatures
  A boulder beetle (D:8)
  Joseph (D:8)
  Prince Ribbit (D:8)
  A shadow (D:8)
  A ynoxinul (Abyss:1)
  A large abomination (Abyss:1)
  A yak (D:8)
  A water moccasin (D:8)
  An orc warrior (D:6)
  A sky beast (D:6)
  A black bear (D:5)
  A necrophage (D:4)
  An ogre (D:5)
  A kobold brigand (D:7)
  Blork the orc (D:5)
  A bullfrog (D:7)
  A water moccasin zombie (D:7)
  A wyvern zombie (D:8)
  A scorpion (D:5)
  A wyvern skeleton (D:6)
  A small abomination (Abyss:1)
  10 killer bees
  2 howler monkeys (D:8)
  3 centaur zombies
  2 bullfrog zombies
  4 hounds
  2 orc priests (D:6)
  2 bullfrog skeletons (D:7)
  2 iguanas
  6 orc wizards
  3 hound skeletons
  4 gnolls (D:3)
  7 adders
  3 white imps
  4 ufetubi
  An adder skeleton (D:4)
  2 worms
  4 dart slugs
  23 orcs
  3 ball pythons
  5 bats
  10 endoplasms
  7 goblins
  8 hobgoblins
  10 jackals
  8 kobolds
  8 quokkas
  3 frilled lizards (D:1)
  22 rats
189 creatures vanquished.

Vanquished Creatures (others)
  3 plants (D:1)
3 creatures vanquished.

Grand Total: 192 creatures vanquished

Notes
Turn   | Place    | Note
-------+----------+-------------------------------------------
     0 | D:5      | Reached skill level 9 in Stealth
     0 | D:5      | comborobin the Gnoll Delver began the quest for the Orb.
     0 | D:5      | Reached XP level 1. HP: 23/23 MP: 1/1
     4 | D:5      | Noticed a killer bee
     5 | D:5      | Noticed a killer bee
    44 | D:5      | Noticed a killer bee
    59 | D:4      | Killed a killer bee
    60 | D:4      | Reached skill level 1 in Invocations
    60 | D:4      | Reached XP level 2. HP: 17/29 MP: 1/3
    60 | D:4      | Reached XP level 3. HP: 21/35 MP: 1/4
   418 | D:4      | Reached skill level 1 in Short Blades
   418 | D:4      | Reached skill level 1 in Long Blades
   418 | D:4      | Reached skill level 1 in Axes
   418 | D:4      | Reached skill level 1 in Maces & Flails
   418 | D:4      | Reached skill level 1 in Polearms
   418 | D:4      | Reached skill level 1 in Staves
   418 | D:4      | Reached skill level 1 in Slings
   418 | D:4      | Reached skill level 1 in Bows
   418 | D:4      | Reached skill level 1 in Crossbows
   418 | D:4      | Reached skill level 1 in Throwing
   418 | D:4      | Reached skill level 1 in Armour
   418 | D:4      | Reached skill level 1 in Shields
   418 | D:4      | Reached skill level 1 in Spellcasting
   418 | D:4      | Reached skill level 1 in Evocations
   532 | D:4      | Reached XP level 4. HP: 38/41 MP: 5/5
   571 | D:4      | Reached skill level 1 in Conjurations
   571 | D:4      | Reached skill level 1 in Hexes
   571 | D:4      | Reached skill level 1 in Summonings
   571 | D:4      | Reached skill level 1 in Necromancy
   571 | D:4      | Reached skill level 1 in Translocations
   571 | D:4      | Reached skill level 1 in Transmutations
   571 | D:4      | Reached skill level 1 in Fire Magic
   571 | D:4      | Reached skill level 1 in Ice Magic
   571 | D:4      | Reached skill level 1 in Air Magic
   571 | D:4      | Reached skill level 1 in Earth Magic
   571 | D:4      | Reached skill level 1 in Poison Magic
   797 | D:4      | Reached XP level 5. HP: 45/47 MP: 5/7
   988 | D:4      | Found Olug Zaothro's Distillery.
  1194 | D:4      | Noticed a necrophage
  1208 | D:4      | Killed a necrophage
  2017 | D:3      | Reached XP level 6. HP: 52/53 MP: 8/8
  2908 | D:2      | Reached skill level 5 in Dodging
  2908 | D:2      | Reached skill level 5 in Unarmed Combat
  4543 | D:1      | Found a faded altar of an unknown god.
  4717 | D:1      | Prayed at the altar of an unknown god.
  4717 | D:1      | Became a worshipper of the Shining One
  4717 | D:1      | Reached * piety under the Shining One
  4865 | D:5      | Reached XP level 7. HP: 59/59 MP: 10/10
  4912 | D:5      | Noticed Blork the orc
  4922 | D:5      | Killed Blork the orc
  5303 | D:5      | Reached skill level 10 in Stealth
  5540 | D:5      | Found a staircase to the Ecumenical Temple.
  5729 | Temple   | Entered the Ecumenical Temple
  5953 | D:6      | Reached XP level 8. HP: 64/67 MP: 12/12
  6283 | D:6      | Reached ** piety under the Shining One
  6607 | D:6      | Found a large runed translucent door.
  6608 | D:6      | Found a large runed translucent door.
  6611 | D:6      | Noticed bearlyready's ghost (novice DsAr)
  8711 | D:6      | Reached XP level 9. HP: 22/72 MP: 14/14
 10345 | D:7      | Identified the +0 pair of boots "Otasu" {rC+}
 10387 | D:8      | Noticed Prince Ribbit
 10400 | D:8      | Killed Prince Ribbit
 10525 | D:8      | Found a staircase to the Lair.
 10561 | D:8      | Reached *** piety under the Shining One
 10641 | D:8      | Noticed Joseph
 10652 | D:8      | Noticed a boulder beetle
 10659 | D:8      | Killed Joseph
 10660 | D:8      | Reached skill level 5 in Invocations
 10673 | D:8      | Killed a boulder beetle
 10674 | D:8      | Reached skill level 5 in Short Blades
 10674 | D:8      | Reached skill level 5 in Long Blades
 10674 | D:8      | Reached skill level 5 in Axes
 10674 | D:8      | Reached skill level 5 in Maces & Flails
 10674 | D:8      | Reached skill level 5 in Polearms
 10674 | D:8      | Reached skill level 5 in Staves
 10674 | D:8      | Reached skill level 5 in Slings
 10674 | D:8      | Reached skill level 5 in Bows
 10674 | D:8      | Reached skill level 5 in Crossbows
 10674 | D:8      | Reached skill level 5 in Throwing
 10674 | D:8      | Reached skill level 5 in Armour
 10674 | D:8      | Reached skill level 5 in Shields
 10674 | D:8      | Reached skill level 5 in Spellcasting
 10674 | D:8      | Reached skill level 5 in Evocations
 10674 | D:8      | Reached XP level 10. HP: 35/81 MP: 17/17
 10742 | D:8      | Cast into level 1 of the Abyss (orc wizard)
 10830 | Abyss:1  | Slain by a large abomination

Illustrated notes

Levels and vault maps discovered:
D:1:      lightli_arrival_quake, layout_loops_corners,
          dilly_ecumenical_altar_fadedgnrine
D:2:      layout_loops_ring, ebering_dispersal_statue_hall, chequers_big_river,
          minmay_rat_hole
D:3:      layout_loops_cross, serial_park_tiny_1
D:4:      layout_layer_cave, serial_shops, nicolae_square_shop,
          solitary_fountain
D:5:      layout_cave_pools, lemuel_temple_firewalk_a, uniq_blork_the_orc
D:6:      layout_gridville, ebering_ghost_disaster_area, chequers_jeans
D:7:      layout_basic, roderic_roman_lattice
D:8:      layout_rooms, lair_entry_dummy, st_stairs_10, uniq_joseph,
          uniq_prince_ribbit1, uniq_erica
Temple:   mainiacjoe_temple_archimedes_tessellation
Abyss:1:  base: D:4, hangedman_abyss_or_decor_passed

Skill      XL: |  1  2  3  4  5  6  7  8  9 |
---------------+----------------------------+-----
Stealth        | 10 | 10.9
Invocations    | 1 2 3 4 5 |  5.6
Short Blades   | 1 2 3 5 |  5.1
Long Blades    | 1 2 3 5 |  5.1
Axes           | 1 2 3 5 |  5.1
Maces & Flails | 1 2 3 5 |  5.1
Polearms       | 1 2 3 5 |  5.1
Staves         | 1 2 3 5 |  5.1
Slings         | 1 2 3 5 |  5.1
Bows           | 1 2 3 5 |  5.1
Crossbows      | 1 2 3 5 |  5.1
Throwing       | 1 2 3 5 |  5.1
Armour         | 1 2 3 5 |  5.1
Shields        | 1 2 3 5 |  5.1
Spellcasting   | 1 2 3 5 |  5.1
Evocations     | 1 2 3 5 |  5.1
Conjurations   | 1 2 3 4 |  4.2
Hexes          | 1 2 3 4 |  4.2
Summonings     | 1 2 3 4 |  4.2
Necromancy     | 1 2 3 4 |  4.2
Translocations | 1 2 3 4 |  4.2
Transmutations | 1 2 3 4 |  4.2
Fire Magic     | 1 2 3 4 |  4.2
Ice Magic      | 1 2 3 4 |  4.2
Air Magic      | 1 2 3 4 |  4.2
Earth Magic    | 1 2 3 4 |  4.2
Poison Magic   | 1 2 3 4 |  4.2
Dodging        | 5 6 |  6.9
Unarmed Combat | 5 6 |  6.9
Fighting       | 7 8 |  8.4

Action                   |  1- 3 |  4- 6 |  7- 9 | 10-12 || total
-------------------------+-------+-------+-------+-------++-------
Melee: Trident           |    19 |   232 |   191 |       ||   442
       Bite              |     2 |    11 |    38 |     5 ||    56
       Punch             |       |     4 |     4 |       ||     8
       Unarmed           |       |       |    14 |       ||    14
       Short sword       |       |       |    40 |       ||    40
       Hand axe          |       |       |    34 |    41 ||    75
Evoke: Wand              |       |       |     6 |       ||     6
  Use: Potion            |       |       |     2 |     6 ||     8
       Scroll            |       |       |       |     1 ||     1
 Stab: Sleeping          |       |    36 |       |       ||    36
Armor: Leather armour    |     7 |     2 |       |       ||     9
       Ring mail         |       |    64 |    18 |       ||    82
       Chain mail        |       |       |   114 |     8 ||   122
Dodge: Dodged            |    13 |   136 |   160 |     1 ||   310
Block: Tower shield      |       |       |    80 |    33 ||   113
       Reflection        |       |       |     2 |       ||     2
       Other             |       |       |     1 |       ||     1

Table legend: (Time is in decaauts)
 A = Elapsed time spent in this place.
 B = Non-inter-level travel time spent in this place.
 C = Inter-level travel time spent in this place.
 D = Time resting spent in this place.
 E = Time spent auto-exploring this place.
 F = Levels seen in this place.
 G = Mean time per level.
                   A        B        C        D        E       F      G
               +--------+--------+--------+--------+--------+-----+--------+
         Total |  10929 |  10411 |    518 |   2032 |   6780 |  10 | 1092.9 |
       Dungeon |  10644 |  10162 |    482 |   2007 |   6653 |   8 | 1330.5 |
        Temple |    184 |    148 |     36 |      0 |    127 |   1 |  184.0 |
         Abyss |    100 |    100 |      0 |     25 |      0 |   1 |  100.0 |
               +--------+--------+--------+--------+--------+-----+--------+

Top non-repeatable levels by time:
     D:6: 2071 daAuts
     D:4: 2062 daAuts
     D:7: 1657 daAuts
     D:5: 1412 daAuts
     D:3: 1161 daAuts
     D:1: 1079 daAuts
     D:2: 826 daAuts
     D:8: 374 daAuts
  Temple: 184 daAuts
 Abyss:1: 100 daAuts
